 Dungeon Crawl Stone Soup version 0.31.0-10-gcf4a605ca0 (webtiles) character file.

Game seed: 2776305930629763110

6941 BiteMe the Thaumaturge (level 10, -9/63 HPs)
             Began as a Demonspawn Fire Elementalist on Jan 25, 2024.
             Mangled by snackwell's ghost (13 damage)
             ... on level 6 of the Dungeon on Jan 26, 2024.
             The game lasted 02:12:18 (15851 turns).

BiteMe the Thaumaturge (DsFE)                      Turns: 15851, Time: 02:12:19

Health: -9/63      AC: -6    Str: 10    XL:     10   Next: 80%
Magic:  9/24       EV: 13    Int: 19    God:
Gold:   453        SH: 10    Dex: 13    Spells: 16/29 levels left

rFire   + . .        d - +2 war axe (venom)
rCold   . . .        C - +2 buckler
rNeg    . . .        J - +1 steam dragon scales
rPois   .            h - +0 helmet
rElec   .            G - +0 cloak
rCorr   .            i - +0 pair of gloves
SInv    .            I - +2 pair of boots
Will    .....        r - amulet of magic regeneration
Stlth   ++           u - ring of protection from fire
HPRegen 1.30/turn    (no ring)
MPRegen 0.59/turn

%: no passive effects
@: corroded, on berserk cooldown, slowed, very slow
A: hooves 2, powered by death 1, sharp scales 2, condensation shield
a: no special abilities


You were on level 6 of the Dungeon.
You visited 1 branch of the dungeon, and saw 8 of its levels.

You collected 453 gold pieces.

Inventory:

Hand Weapons
 d - a +2 war axe of venom (weapon)
 F - a +4 quarterstaff of chaos
 O - a +1 bardiche of protection
 Q - a +4 battleaxe
Armour
 h - a +0 helmet (worn)
 i - a +0 pair of gloves (worn)
 C - a +2 buckler (worn)
 D - a +0 tower shield
 G - a +0 cloak (worn)
 I - a +2 pair of boots (worn)
 J - +1 steam dragon scales (worn)
Jewellery
 r - an amulet of magic regeneration (around neck)
 u - a ring of protection from fire (left hand)
Talismans
 j - a beast talisman
 n - a flux talisman
Wands
 w - a wand of acid (7)
 y - a wand of flame (37)
 H - a wand of digging (4)
 K - a wand of paralysis (5)
 N - a wand of roots (5)
Scrolls
 a - a scroll of poison {unknown}
 c - 3 scrolls of teleportation
 p - 3 scrolls of fear
 B - a scroll of revelation
Potions
 k - a potion of ambrosia {unknown}
 q - a potion of berserk rage
 t - 2 potions of cancellation
 x - a potion of attraction {unknown}
 A - a potion of brilliance {unknown}
 L - a potion of mutation {unknown}
 R - 3 potions of curing {unknown}


   Skills:
 - Level 0.2 Axes
 * Level 4.7 Dodging
 - Level 1.7 Stealth
 * Level 10.0 Spellcasting
 * Level 6.1 Conjurations
 + Level 0.2 Translocations
 * Level 9.7 Fire Magic


You had 16 spell levels left.
You knew the following spells:

 Your Spells              Type           Power      Damage    Failure   Level
a - Foxfire               Conj/Fire      100%       2x1d9     1%          1
b - Scorch                Fire           92%        2d8       1%          2
c - Volatile Blastmotes   Fire/Tloc      56%        2d14      4%          3
d - Flame Wave            Conj/Fire      39%        2d11      4%          4
e - Inner Flame           Hex/Fire       28%        N/A       4%          3

Your spell library contained the following spells:

 Spells                   Type           Power      Damage    Failure   Level
 Kiss of Death            Conj/Necr      84%        2d11      3%          1
 Hailstorm                Conj/Ice       21%        3d7       10%         3
 Freeze                   Ice            36%        1d5       11%         1
 Necrotise                Necr           36%        1d5       11%         1
 Fireball                 Conj/Fire      19%        3d9       12%         5
 Ignite Poison            Fire/Alch      28%        N/A       16%         4
 Cigotuvi's Dreadful Rot  Necr/Alch/Air  18%        N/A       17%         2
 Iskenderun's Battlesphe  Conj           32%        2d8       26%         5
 Summon Ice Beast         Ice/Summ       9%         N/A       32%         3
 Vampiric Draining        Necr           9%         2d6       32%         3
 Brom's Barrelling Bould  Conj/Erth      21%        2d4       32%         4
 Dispel Undead            Necr           9%         3d8       73%         4
 Leda's Liquefaction      Alch/Erth      4%         N/A       73%         4
 Martyr's Knell           Necr/Summ      9%         N/A       73%         4
 Freezing Cloud           Conj/Ice/Air   8%         6-21      80%         5
 Curse of Agony           Necr           9%         N/A       97%         5
 Lee's Rapid Deconstruct  Erth           4%         3d5*      97%         5
 Bombard                  Conj/Erth      10%        9d3       99%         6
 Conjure Ball Lightning   Conj/Air       10%        3x3d6     99%         6
 Sculpt Simulacrum        Ice/Alch       4%         N/A       100%        6
 Orb of Destruction       Conj           16%        9d7       100%        7
 Ozocubu's Refrigeration  Ice            4%         4d8       100%        7
 Disjunction              Tloc           5%         N/A       100%        8
 Fire Storm               Conj/Fire      19%        8d5       100%        9


Dungeon Overview and Level Annotations

Branches:
Dungeon (8/15)
 Temple: D:4-7         Lair: D:8-11

Altars:
Nemelex Xobeh
Ru
Trog
Xom

Shops:
D:3 (   D:4 :   D:5 (

Annotations:
D:3 MysticSailboat's ghost, weakling MiMo
D:6 1 transporter, snackwell's ghost, novice GnAr


Innate Abilities, Weirdness & Mutations

You have hoof-like feet.
You regenerate a little health from kills.
You are mostly covered in razor-sharp scales. (AC +2, Slay +2)
A meltable shield of frost defends you. (SH +4)


Message History

You feel yourself slow down.
A small abomination is nearby!
Casting: Scorch (safe; 1% risk of failure)
Confirm with . or Enter, or press ? or * to list all spells.
Flames lash the small abomination.
The small abomination is moderately damaged.
The small abomination's fire resistance burns away.
The small abomination misses you.
Casting: Scorch (safe; 1% risk of failure)
Confirm with . or Enter, or press ? or * to list all spells.
Flames lash the small abomination.
The small abomination is burned terribly!
The small abomination is severely damaged.
The small abomination hits you!
The small abomination closely misses you.
Casting: Scorch (safe; 1% risk of failure)
Confirm with . or Enter, or press ? or * to list all spells.
Flames lash the small abomination.
The small abomination is burned terribly!
The small abomination is almost destroyed.
The small abomination closely misses you.
The small abomination hits you!!
* * * LOW HITPOINT WARNING * * *
Casting: Scorch (safe; 1% risk of failure)
Confirm with . or Enter, or press ? or * to list all spells.
Flames lash snackwell's ghost.
Snackwell's ghost is lightly damaged.
Snackwell's ghost's fire resistance burns away.
You block the small abomination's attack.
The small abomination hits you!
* * * LOW HITPOINT WARNING * * *
Okay, then.
Aiming: Corrosive Bolt
Press: ? - help, Shift-Dir - straight line, f - small abomination
Aim: a small abomination (almost destroyed, more vulnerable to fire, 71% to hit)
The bolt of acid hits the small abomination!
The acid corrodes the small abomination!
You destroy the small abomination!
Snackwell's ghost hits you!
You die...

##...# .# x###[# ##........#...
#...## ##. # #. ##........##..
#....##... ©.##.##........##...
#.....#...##..###....)....#....
#.....#.##. ............##.#..
#...###.##.##...........##)##..
#...# .?..#####.......#..#...
##..### ###..##.##.....##.##...
##..©#5# ##.#.#W@.©#.......###...
#.#..##x##..##..####.......##....
......###....####......###.##....
.....................).# #.##....
.....................[.###.#.....
.........#####..##..#####..#.####
........## #..#..## #..###
......### #..#.## ##...###
......# #..[.# ##.##...##


You could see snackwell's ghost (combustible).

Vanquished Creatures
  The ghost of Skeral the Grappler, a novice NaSh of Hepliaklqana (D:8)
  A two-headed ogre (D:8)
  A deep elf pyromancer (D:7)
  An ugly thing (D:6)
  A moth of wrath (D:8)
  A rust devil (D:6)
  A troll (D:7)
  A yak (D:7)
  A steam dragon (D:7)
  3 small abominations (D:6)
  An acid dragon (D:8)
  A water moccasin (D:6)
  3 orc warriors
  An ice beast (D:7)
  A sky beast (D:7)
  3 black bears
  An ogre (D:8)
  2 centaurs
  A phantom (D:5)
  2 kobold brigands
  4 bullfrogs (D:7)
  A gnoll sergeant (D:8)
  3 scorpions
  2 wights (D:7)
  6 killer bees
  A howler monkey (D:5)
  3 bombardier beetles
  3 jellies
  6 hounds
  Crazy Yiuf (D:5)
  3 orc priests
  2 gnoll boudas
  6 iguanas
  2 sleepcaps
  9 orc wizards
  15 gnolls
  5 adders
  A white imp (D:7)
  3 ufetubi (D:6)
  2 dart slugs
  4 ribbon worms
  24 orcs
  4 ball pythons
  4 endoplasms
  5 giant cockroaches
  2 goblins
  6 hobgoblins
  3 jackals (D:2)
  3 quokkas
  5 bats
  6 frilled lizards
  30 kobolds
  10 rats
212 creatures vanquished.

Vanquished Creatures (collateral kills)
  A foxfire (D:3)
1 creature vanquished.

Vanquished Creatures (others)
  475 foxfires
475 creatures vanquished.

Grand Total: 688 creatures vanquished

Notes
Turn   | Place    | Note
-------+----------+-------------------------------------------
     0 | D:1      | BiteMe the Demonspawn Fire Elementalist began the quest for
                  | the Orb.
     0 | D:1      | Reached XP level 1. HP: 13/13 MP: 3/3
   751 | D:1      | Gained mutation: A meltable shield of frost defends you.
                  | (SH +4) [demonic ancestry]
   751 | D:1      | Reached XP level 2. HP: 19/19 MP: 3/5
  1043 | D:1      | Found a faded altar of an unknown god.
  2251 | D:2      | Gained mutation: You regenerate a little health from kills.
                  | [demonic ancestry]
  2251 | D:2      | Reached XP level 3. HP: 24/24 MP: 4/6
  2576 | D:2      | Learned a level 2 spell: Scorch
  3556 | D:3      | Gained mutation: You are partially covered in razor-sharp
                  | scales. (AC +1, Slay +1) [demonic ancestry]
  3556 | D:3      | Reached XP level 4. HP: 24/30 MP: 3/8
  4356 | D:3      | Found Mairphaod's Weapon Shoppe.
  5340 | D:3      | Found a transporter.
  5340 | D:3      | Noticed MysticSailboat's ghost (weakling MiMo)
  5343 | D:3      | Found a transporter.
  5349 | D:3      | Identified the +2 great mace "Arcanum" {antimagic, Dex+3}
  5349 | D:3      | Noticed an ogre
  5496 | D:4      | Reached skill level 3 in Spellcasting
  5496 | D:4      | Gained mutation: You have large cloven feet. [demonic
                  | ancestry]
  5496 | D:4      | Reached XP level 5. HP: 35/35 MP: 2/9
  5677 | D:4      | Reached XP level 6. HP: 34/41 MP: 6/11
  6151 | D:4      | Got Ygotsuk's Codex of the Poles
  6176 | D:4      | Reached skill level 4 in Spellcasting
  6365 | D:4      | Got Luhoaf's Omnibus of the Shadowy Blizzard
  6839 | D:4      | Reached skill level 5 in Fire Magic
  6839 | D:4      | Reached XP level 7. HP: 46/46 MP: 2/13
  7080 | D:4      | Found Afenwepp's Self-Improvement Boutique.
  8085 | D:5      | Entered Level 5 of the Dungeon
  8484 | D:5      | Found a transporter.
  8487 | D:5      | Found Vymuiz's Antique Weapon Boutique.
  8489 | D:5      | Found a transporter.
  8495 | D:5      | Reached skill level 5 in Spellcasting
  9061 | D:5      | Found a runed translucent door.
  9062 | D:5      | Noticed Crazy Yiuf
  9069 | D:5      | Killed Crazy Yiuf
  9501 | D:5      | Reached XP level 8. HP: 51/52 MP: 11/16
  9739 | D:5      | Upgraded the game from 0.31.0-9-g3a7656b989 to
                  | 0.31.0-10-gcf4a605ca0
 10320 | D:6      | Found a transporter.
 10550 | D:6      | Found a transporter.
 10551 | D:6      | Noticed a rust devil
 10559 | D:6      | Noticed snackwell's ghost (novice GnAr)
 11166 | D:6      | Reached skill level 6 in Spellcasting
 11173 | D:6      | Found a sparkling altar of Nemelex Xobeh.
 11515 | D:6      | Noticed a purple ugly thing
 12437 | D:7      | Reached skill level 7 in Spellcasting
 12437 | D:7      | Gained mutation: You have hoof-like feet. [demonic
                  | ancestry]
 12437 | D:7      | Reached XP level 9. HP: 48/57 MP: 14/19
 12534 | D:7      | Noticed a deep elf pyromancer
 12541 | D:7      | Killed a deep elf pyromancer
 12542 | D:7      | Reached skill level 5 in Conjurations
 13222 | D:7      | Noticed a troll
 13225 | D:7      | Reached skill level 8 in Spellcasting
 13231 | D:7      | Killed a troll
 13320 | D:7      | Found a sacrificial altar of Ru.
 14040 | D:7      | Learned a level 3 spell: Volatile Blastmotes
 14045 | D:7      | Learned a level 4 spell: Flame Wave
 14049 | D:7      | Learned a level 3 spell: Inner Flame
 14560 | D:8      | Found a shimmering altar of Xom.
 14562 | D:8      | Found a shimmering altar of Xom.
 14563 | D:8      | Found a shimmering altar of Xom.
 14563 | D:8      | Found a shimmering altar of Xom.
 14563 | D:8      | Found a shimmering altar of Xom.
 14909 | D:8      | Gained mutation: You are mostly covered in razor-sharp
                  | scales. (AC +2, Slay +2) [demonic ancestry]
 14909 | D:8      | Reached XP level 10. HP: 60/63 MP: 14/22
 14942 | D:8      | Found a transporter.
 14948 | D:8      | Found a bloodstained altar of Trog.
 14949 | D:8      | Noticed Skeral's ghost (novice NaSh)
 15395 | D:8      | Noticed a moth of wrath
 15395 | D:8      | Found a transporter.
 15398 | D:8      | Noticed a two-headed ogre
 15404 | D:8      | Killed a moth of wrath
 15405 | D:8      | Reached skill level 9 in Spellcasting
 15408 | D:8      | Killed a two-headed ogre
 15418 | D:8      | Killed Skeral's ghost
 15803 | D:6      | Killed a purple ugly thing
 15837 | D:6      | Killed a rust devil
 15838 | D:6      | Reached skill level 10 in Spellcasting
 15850 | D:6      | HP: 2/63 [small abomination (11)]
 15851 | D:6      | Mangled by snackwell's ghost

Illustrated notes

Levels and vault maps discovered:
D:1:      scummos_arrival_checkerplants, layout_basic,
          hellmonk_ecumenical_altar_pennies_from_heaven
D:2:      minmay_evil_eye, layout_loops_cross, minmay_goblin_kobold_house
D:3:      layout_basic, serial_shops, shop, gammafunk_ghost_smash,
          lexackson_kobold_supper
D:4:      layout_layer_cave, nicolae_shop_self_help
D:5:      layout_loops_corners, minmay_temple_entry_enclosed_plants,
          serial_shops, nicolae_shop_drivethru, uniq_crazy_yiuf_cottage
D:6:      layout_cave_pods, kennysheep_mini_moat, gammafunk_ghost_abyssal_escape
D:7:      minmay_the_grid_plus_closed [minmay_the_grid_expand,
          minmay_the_grid_odd_star, minmay_the_grid_diamond_grid,
          minmay_the_grid_large_cup, minmay_the_grid_prize_big_room],
          layout_basic, nicolae_ru_sacrificial_ziggurat,
          hangedman_abyss_or_decor_stagger, grunt_tough_drop
D:8:      layout_rooms, xom_shifter_show, gammafunk_ghost_wrathful_warriors,
          minmay_misc_feat_tower

Skill      XL: |  1  2  3  4  5  6  7  8  9 10 |
---------------+-------------------------------+-----
Dodging        | 2 3 4 |  4.7
Fire Magic     | 3 4 5 7 8 9 |  9.7
Conjurations   | 2 3 4 5 6 |  6.1
Spellcasting   | 3 4 5 7 8 10 | 10.0
Axes           | |  0.2
Stealth        | |  1.7
Translocations | |  0.2

Action                     |  1- 3 |  4- 6 |  7- 9 | 10-12 || total
---------------------------+-------+-------+-------+-------++-------
  Melee: Unarmed           |     1 |       |       |       ||     1
         Dagger            |    13 |     3 |     1 |       ||    17
         Hand axe          |     1 |       |       |       ||     1
         War axe           |       |       |    15 |    26 ||    41
         Kick              |       |       |     4 |       ||     4
   Cast: Foxfire           |    60 |    69 |   144 |     7 ||   280
         Scorch            |    10 |    30 |   123 |    35 ||   198
         Flame Wave        |       |       |       |     5 ||     5
         Volatile Blastmot |       |       |       |     3 ||     3
  Evoke: Wand              |       |       |       |     1 ||     1
    Use: Scroll            |       |     1 |     7 |     9 ||    17
         Potion            |       |       |     4 |     5 ||     9
   Stab: Sleeping          |     1 |       |       |       ||     1
 Armour: Robe              |    19 |     6 |    69 |       ||    94
         Steam dragon scal |       |       |    42 |    41 ||    83
  Dodge: Dodged            |    13 |    11 |    88 |    32 ||   144
  Block: Other             |     9 |     3 |     1 |       ||    13
         Buckler           |       |       |    66 |    32 ||    98
